 Dungeon Crawl Stone Soup version 0.22-a0-63-geddfa9b (webtiles) character file.

4771 Amnesiac the Stormcaller (level 10, -9/50 HPs)
             Began as a Tengu Air Elementalist on Jan 10, 2018.
             Was a Believer of Ashenzari.
             Mangled by an elephant (17 damage)
             ... on level 9 of the Dungeon.
             The game lasted 00:21:50 (11062 turns).

Amnesiac the Stormcaller (Tengu Air Elementalist)  Turns: 11062, Time: 00:21:51

Health: -9/50      AC:  5    Str:  9    XL:     10   Next: 47%
Magic:  32/32      EV: 12    Int: 19    God:    Ashenzari [**....]
Gold:   364        SH:  0    Dex: 14    Spells: 15/25 levels left

rFire    . . .     SeeInvis .   p - +1 dagger (venom)
rCold    . . .     Gourm    .   (no shield)
rNeg     . . .     Faith    .   a - +0 robe
rPois    .         Spirit   .   (helmet restricted)
rElec    .         Reflect  .   N - scarf {repulsion}
rCorr    .         Harm     .   s - +2 pair of gloves
MR       .....                  (boots unavailable)
Stlth    ++........             M - amulet of magic regeneration
HPRegen  0.16/turn              l - ring of ice (curse)
MPRegen  0.48/turn              u - ring "Mikaatt" {Fire MP+9} (curse)

@: studying Crossbows, repel missiles
A: beak, talons 3, able to fly 1
a: Fly, Curse Item, Scrying, Renounce Religion


You were on level 9 of the Dungeon.
You worshipped Ashenzari.
Ashenzari was pleased with you.
You were not hungry.

You visited 1 branch of the dungeon, and saw 9 of its levels.
You also visited: Bailey.

You collected 506 gold pieces.
You spent 142 gold pieces at shops.

Inventory:

Hand Weapons
 p - a +1 dagger of venom (weapon)
 B - a +2 dagger of electrocution
Missiles
 C - a throwing net (quivered)
 F - 23 bolts
 H - 22 poisoned needles
Armour
 a - a +0 robe (worn)
 r - a +1 cloak
 s - a +2 pair of gloves (worn)
 N - a scarf of repulsion (worn)
Magical Staves
 k - an uncursed staff of conjuration
Jewellery
 j - a +3 ring of evasion
 l - a cursed ring of ice (left hand)
 u - the cursed ring "Mikaatt" (right hand) {Fire MP+9}
   (You found it on level 4 of the Dungeon)

   [ring of fire]

   It enhances your fire magic.
   It protects you from fire.
   It makes you vulnerable to cold.
   It affects your magic capacity (+9).
   It has a curse placed upon it.
 A - an uncursed ring of poison resistance
 M - an amulet of magic regeneration (around neck)
Wands
 g - a wand of digging (24)
 t - a wand of flame (31)
 y - a wand of iceblast (10)
 z - a wand of paralysis (12)
Scrolls
 d - 4 scrolls of enchant weapon {!r}
 e - 7 scrolls of remove curse {!r}
 f - 2 scrolls of enchant armour {!r}
 h - 4 scrolls of magic mapping {!r}
 n - 5 scrolls of teleportation {!r}
 o - 2 scrolls of amnesia {!r}
 D - a scroll of fog {!r}
 L - a scroll of identify {!r}
 O - a scroll of acquirement {!r, unknown}
Potions
 i - 2 potions of agility {!q}
 q - 2 potions of heal wounds {!q}
 v - 3 potions of curing {!q}
 w - a potion of lignification {!q}
 x - a potion of degeneration {!q, unknown}
 G - a potion of invisibility {!q, unknown}
 J - 3 potions of flight {!q}
 K - a potion of mutation {!q, unknown}
Books
 b - a book of Air

   Spells                             Type                      Level
   a - Shock                          Conjuration/Air              1
   b - Swiftness                      Charms/Air                   2
   c - Static Discharge               Conjuration/Air              3
   d - Airstrike                      Air                          4
   e - Lightning Bolt                 Conjuration/Air              5
 m - a book of Minor Magic

   Spells                             Type                      Level
   a - Magic Dart                     Conjuration                  1
   b - Blink                          Translocation                2
   c - Call Imp                       Summoning                    2
   d - Slow                           Hexes                        2
   e - Conjure Flame                  Conjuration/Fire             3
   f - Mephitic Cloud                 Conjuration/Poison/Air       3
 E - a manual of Crossbows
Comestibles
 c - 23 rations


   Skills:
 - Level 2.1 Dodging
 - Level 2.0 Stealth
 + Level 8.2 Spellcasting
 - Level 1.3(2.3) Conjurations
 * Level 15.5(16.6) Air Magic


You had 15 spell levels left.
You knew the following spells:

 Your Spells              Type           Power        Failure   Level  Hunger
a - Airstrike             Air            ######....   1%          4    ###....
d - Shock                 Conj/Air       ####         1%          1    None
e - Mephitic Cloud        Conj/Pois/Air  ####....     1%          3    None
v - Blink                 Tloc           N/A          13%         2    None


Dungeon Overview and Level Annotations

Branches:
Dungeon (9/15)             Temple (0/1) D:5            Lair (0/6) D:9
    Orc: D:9-12

Altars:
Ashenzari
Elyvilon
Fedhas
Gozag
Hepliaklqana
Nemelex Xobeh
Okawaru
Qazlal
Sif Muna
Vehumet
Xom
Zin
The Shining One

Shops:
D:5 (   D:6 :   D:7 [   D:9 [


Innate Abilities, Weirdness & Mutations

You have a beak for a mouth.
You have claws for feet.
You can fly.


Message History

Press: ? - help, Dir - move target cursor, f - crocodile
Aim: a crocodile (lightly wounded)
The air twists around and strikes the crocodile!
The crocodile is heavily wounded.
Casting: Airstrike
Confirm with . or Enter, or press ? or * to list all spells.
Aiming: Airstrike
Press: ? - help, Dir - move target cursor, f/p - crocodile
Aim: a crocodile (heavily wounded)
The air twists around and strikes the crocodile!
The crocodile is severely wounded.
You are feeling very hungry.
Things that are here:
an uncursed antimagic spear; an uncursed robe
There is a stone staircase leading down here.
Things that are here:
an uncursed falchion; an uncursed robe
Casting: Airstrike
Confirm with . or Enter, or press ? or * to list all spells.
Aiming: Airstrike
Press: ? - help, Dir - move target cursor, f/p - crocodile
Aim: a crocodile (severely wounded)
The air twists around and strikes the crocodile!
You kill the crocodile!
There is a stone staircase leading down here.
Things that are here:
an uncursed falchion; an uncursed robe; a crocodile corpse You butcher the crocodile corpse.
The elephant tramples you!
You stumble backwards!
You see here 23 stones.
A killer bee comes into view.
There is a stone staircase leading down, spattered with blood here.
Things that are here:
an uncursed falchion; an uncursed robe; 6 chunks of flesh Eat one of 6 chunks of flesh? (ye/n/q)
You eat one of the 6 chunks of flesh.
This raw flesh tastes terrible.
The killer bee moves out of view.
You hit the elephant.
The elephant is poisoned.
The elephant is lightly wounded.
The elephant barely misses you.
The elephant trunk-slaps you but does no damage.
You hit the elephant.
The elephant looks even sicker.
You peck the elephant, but do no damage.
The elephant is lightly wounded.
The elephant misses you.
The elephant trunk-slaps you but does no damage.
You hit the elephant.
The elephant is lightly wounded.
The elephant tramples you.
You stumble backwards!
You hit the elephant.
You peck the elephant, but do no damage.
The elephant is moderately wounded.
The elephant completely misses you. The elephant trunk-slaps you.
You hit the elephant but do no damage.
The elephant looks as sick as possible!
You claw the elephant.
The elephant is moderately wounded.
The elephant tramples you!
* * * LOW HITPOINT WARNING * * *
You stumble backwards!
The elephant misses you. x2
You barely miss the crocodile. The crocodile bites you!
* * * LOW HITPOINT WARNING * * *
The elephant tramples you!
You die...

..)....###.###..# #.###.# #......
###....+.._###.## ###$### #......
#.)..###.###.## ##$$$####......
#..>.# #.# #..# #$$$# #.......
###....###'###..##########.......
..................#######........
.................................
...).......∩....Y................
######..........@................
#....######.t..#####...####.
#....######....#####...####.
######......t..(.................
.................................
.................................
.................................
.................###..####...##..
.................# #..####...##..


You could see an elephant and a crocodile.

Vanquished Creatures
  A two-headed ogre (D:9)
  Pikel (D:6)
  Prince Ribbit (D:9)
  A hippogriff (D:7)
  A spriggan (D:7)
  Eustachio (D:6)
  An ice beast (D:5)
  2 sky beasts
  4 slaves (D:6)
  3 phantoms
  A black bear (D:9)
  2 centaurs
  5 ogres
  2 crocodiles (D:9)
  3 bullfrogs
  3 scorpions
  2 killer bees (D:9)
  4 wights (D:9)
  A howler monkey (D:4)
  3 jellies (D:4)
  4 crimson imps
  3 hounds
  Crazy Yiuf (D:7)
  A centaur skeleton (D:6)
  2 orc priests (D:5)
  5 orc wizards
  2 bullfrog skeletons
  2 iguanas (D:7)
  3 worker ants
  A hound zombie (D:5)
  A worker ant zombie (D:5)
  9 gnolls
  9 adders
  10 oozes (D:4)
  An adder zombie (D:5)
  An adder skeleton (D:7)
  2 worms (D:2)
  3 dart slugs
  A leopard gecko (D:6)
  14 orcs
  4 bats
  5 giant cockroaches
  3 goblins
  6 hobgoblins
  9 jackals
  13 kobolds
  2 quokkas
  5 ball pythons
  5 frilled lizards
  8 rats
  A butterfly (D:5)
  A fungus (D:4)
179 creatures vanquished.

Vanquished Creatures (others)
  A hobgoblin (D:3)
  A frilled lizard (D:3)
  8 fungi (D:4)
  7 toadstools (D:4)
17 creatures vanquished.

Grand Total: 196 creatures vanquished

Notes
Turn   | Place    | Note
-------+----------+-------------------------------------------
     0 | D:1      | Amnesiac the Tengu Air Elementalist began the quest for the Orb.
     0 | D:1      | Reached XP level 1. HP: 10/10 MP: 4/4
   205 | D:1      | Found a shattered altar of Ashenzari.
   212 | D:1      | Became a worshipper of Ashenzari the Shackled
   251 | D:1      | Reached XP level 2. HP: 12/15 MP: 0/6
   756 | D:1      | Reached skill level 5 in Air Magic
   776 | D:1      | Found a stormy altar of Qazlal.
   779 | D:1      | Reached XP level 3. HP: 19/19 MP: 4/7
  2000 | D:2      | Reached XP level 4. HP: 24/24 MP: 6/9
  2009 | D:2      | Learned a level 4 spell: Airstrike
  2224 | D:2      | Reached skill level 6 in Air Magic
  3326 | D:3      | Found a radiant altar of Vehumet.
  3435 | D:3      | Gained mutation: You can fly. [Tengu growth]
  3435 | D:3      | Reached XP level 5. HP: 28/28 MP: 0/10
  4092 | D:4      | Reached * piety under Ashenzari
  4173 | D:4      | Found a blossoming altar of Fedhas.
  4228 | D:4      | Reached skill level 7 in Air Magic
  4229 | D:4      | Noticed a phantom
  4344 | D:4      | Killed a phantom
  4344 | D:4      | Reached XP level 6. HP: 18/32 MP: 0/12
  5001 | D:4      | Reached skill level 8 in Air Magic
  5390 | D:4      | Reached XP level 7. HP: 32/36 MP: 7/14
  5603 | D:4      | Identified the ring "Mikaatt" {Fire MP+9}
  5831 | D:5      | Entered Level 5 of the Dungeon
  5868 | D:5      | Reached skill level 9 in Air Magic
  5880 | D:5      | Found a staircase to the Ecumenical Temple.
  5975 | D:5      | Found Xeuluc's Weapon Emporium.
  6176 | D:5      | Reached skill level 10 in Air Magic
  6255 | D:5      | Found a glowing golden altar of the Shining One.
  6356 | D:5      | Found a white marble altar of Elyvilon.
  6362 | D:5      | Reached XP level 8. HP: 41/41 MP: 12/16
  6488 | D:5      | Reached skill level 5 in Spellcasting
  7197 | D:6      | Reached skill level 11 in Air Magic
  7236 | D:6      | Found Waqaxor's Book Shop.
  7797 | D:6      | Found a sparkling altar of Nemelex Xobeh.
  7914 | D:6      | Reached skill level 12 in Air Magic
  7951 | D:6      | Reached ** piety under Ashenzari
  8036 | D:6      | Noticed Eustachio
  8042 | D:6      | Killed Eustachio
  8042 | D:6      | Reached XP level 9. HP: 45/45 MP: 12/19
  8099 | D:6      | Found a deep blue altar of Sif Muna.
  8203 | D:6      | Found a hazy altar of Hepliaklqana.
  8204 | D:6      | Found a shimmering altar of Xom.
  8204 | D:6      | Noticed a caustic shrike
  8205 | D:6      | Noticed a spectral ugly thing
  8205 | D:6      | Noticed a caustic shrike
  8581 | D:6      | Noticed Pikel
  8589 | D:6      | Killed Pikel
  8589 | D:6      | Reached skill level 13 in Air Magic
  8744 | D:7      | Found Kennuepp's Armour Shoppe.
  8788 | D:7      | Found a flagged portal.
  9045 | Bailey   | Entered a bailey
  9045 | Bailey   | Noticed an orc knight
  9501 | D:7      | Found a runed door.
  9646 | D:7      | Reached skill level 14 in Air Magic
  9781 | D:7      | Noticed Crazy Yiuf
  9783 | D:7      | Killed Crazy Yiuf
 10266 | D:9      | Reached XP level 10. HP: 50/50 MP: 22/22
 10310 | D:9      | Noticed Prince Ribbit
 10313 | D:9      | Killed Prince Ribbit
 10357 | D:9      | Noticed a two-headed ogre
 10686 | D:9      | Killed a two-headed ogre
 10686 | D:9      | Reached skill level 15 in Air Magic
 10696 | D:9      | Found an opulent altar of Gozag.
 10745 | D:9      | Learned a level 2 spell: Blink
 10749 | D:9      | Learned a level 3 spell: Mephitic Cloud
 10801 | D:9      | Found Ilagg's Antique Armour Shoppe.
 10810 | D:9      | Bought a ripped robe for 142 gold pieces
 10810 | D:9      | Found the cursed robe of Misfortune {-Cast *Contam *Tele *Drain EV-5 Stlth-- *Curse}
 10827 | D:9      | Found an iron altar of Okawaru.
 10889 | D:9      | Found a glowing silver altar of Zin.
 10988 | D:9      | Noticed an elephant
 11062 | D:9      | Mangled by an elephant

Vault maps used:
D:1:      dpeg_arrival_rooms_b, kennysheep_flooded_box, evilmike_ruin_ashenzari
D:3:      fiery_altar_vehumet, serial_glass, glass_columns_a, glass_columns_c
D:4:      cheibrodos_fertilizer, fedhas_altar_3
D:5:      elyvilon_altar_5, minmay_temple_entry_butterflies, serial_shops, shop,
          first_ration, nicolae_tso_carved_into_rock
D:6:      regret_index_temple_of_mockery, old_standard_altar, kennysheep_mini,
          serial_shops, shop, uniq_pikel, uniq_eustachio
D:7:      serial_shops, shop, enter_bailey_2, the_bakery,
          uniq_crazy_yiuf_cottage
D:8:      grunt_ministairs_9
D:9:      overflow_temple_1_default, lemuel_doored_altar, old_standard_altar,
          zin_treasury, david_lair_generic, serial_shops, shop,
          uniq_prince_ribbit1
Bailey:   bailey_polearm_4, bailey

Skill      XL: |  1  2  3  4  5  6  7  8  9 10 |
---------------+-------------------------------+-----
Air Magic      | 5 6 7 8 10 12 14 15 | 15.5
Spellcasting   | 3 4 6 7 8 |  8.2
Dodging        | |  2.1
Stealth        | |  2.0
Conjurations   | |  1.3

Action                   |  1- 3 |  4- 6 |  7- 9 | 10-12 || total
-------------------------+-------+-------+-------+-------++-------
Melee: Unarmed           |     1 |    27 |       |       ||    28
       Kick              |     1 |     3 |    11 |     1 ||    16
       Peck              |       |     2 |     6 |     2 ||    10
       Dagger            |       |     3 |    31 |     8 ||    42
 Cast: Shock             |    87 |    33 |     8 |       ||   128
       Airstrike         |       |    43 |   143 |    40 ||   226
Invok: Curse Item        |       |       |     2 |       ||     2
 Abil: Fly               |       |       |       |     1 ||     1
  Use: Scroll            |       |       |    10 |     3 ||    13
  Eat: Chunk             |     4 |    17 |    35 |     3 ||    59
       Ration            |       |     1 |       |     1 ||     2
Armor: Robe              |     4 |    11 |     8 |     2 ||    25
Dodge: Dodged            |    36 |    35 |    24 |     8 ||   103

Table legend:
 A = Spawn XP
 B = Non-spawn XP
 C = Spawn XP percentage of total XP
 D = Spawn monster count
 E = Non-spawn monster count
 F = Spawn count percentage of total count
 G = Total turns spent on level
                    A         B        C        D         E        F      G
               +---------+---------+-------+---------+---------+-------+---------
         Total |       0 |    6816 |   0.0 |       0 |     173 |   0.0 | 11062
               +---------+---------+-------+---------+---------+-------+---------
           D:1 |       0 |      40 |   0.0 |       0 |      24 |   0.0 |  1161
           D:2 |       0 |      97 |   0.0 |       0 |      21 |   0.0 |  1861
           D:3 |       0 |      86 |   0.0 |       0 |      17 |   0.0 |  1070
           D:4 |       0 |     429 |   0.0 |       0 |      25 |   0.0 |  1739
           D:5 |       0 |     951 |   0.0 |       0 |      23 |   0.0 |  1362
           D:6 |       0 |    1618 |   0.0 |       0 |      16 |   0.0 |  1485
           D:7 |       0 |    1046 |   0.0 |       0 |      23 |   0.0 |  1171
           D:8 |       0 |     404 |   0.0 |       0 |       8 |   0.0 |   592
           D:9 |       0 |    2145 |   0.0 |       0 |      16 |   0.0 |   618
               +---------+---------+-------+---------+---------+-------+---------
